 Dungeon Crawl Stone Soup version 0.31.0-11-ge490571c62 (webtiles) character file.

Game seed: 11743552558533789971

25627 GloriousHammer the Impaler (level 13, -2/101 HPs)
             Began as a Formicid Delver on Jan 30, 2024.
             Was an Elder of Qazlal.
             Slain by an eight-headed hydra (5 damage)
             ... on level 3 of the Lair of Beasts on Jan 31, 2024.
             The game lasted 00:31:44 (13753 turns).

GloriousHammer the Impaler (Formicid Delver)       Turns: 13753, Time: 00:31:44

Health: -2/101     AC: 17    Str: 22    XL:     13   Next: 51%
Magic:  15/19      EV:  7    Int: 16    God:    Qazlal [****..]
Gold:   673        SH: 10    Dex: 15    Spells: 12/12 levels left

rFire   . . .        T - +0 trident
rCold   + + .        n - +0 buckler
rNeg    . . .        H - +2 plate armour {rC+}
rPois   +            (helmet unavailable)
rElec   +            (no cloak)
rCorr   .            i - +0 pair of gloves
SInv    +            (no boots)
Will    ++...        (no amulet) Stlth
                     v - ring of the Pariah {rElec rPois rC+ Int+6 Slay+5}
HPRegen 0.36/turn    w - ring of willpower
MPRegen 0.16/turn

%: repel missiles
@: no status effects
A: permanent stasis, dig shafts and tunnels, antennae 3, four strong arms
a: Dig, Shaft Self, Renounce Religion, Upheaval, Elemental Force


You were on level 3 of the Lair of Beasts.
You worshipped Qazlal.
Qazlal was greatly pleased with you.
You visited 3 branches of the dungeon, and saw 14 of its levels.
You also visited: Bailey.

You collected 673 gold pieces.

Inventory:

Hand Weapons
 a - a +0 halberd
 b - a +0 sling
 u - a +2 halberd of electrocution
 N - a +2 halberd of draining
 T - a +0 trident (weapon)
Missiles
 r - 94 stones
 s - 5 silver javelins
 t - 30 poisoned darts (quivered)
 x - 11 boomerangs
 D - 3 throwing nets
Armour
 i - a +0 pair of gloves (worn)
 n - a +0 buckler (worn)
 H - a +2 plate armour of cold resistance (worn)
Jewellery
 v - the ring of the Pariah (left hand) {rElec rPois rC+ Int+6 Slay+5}
   (You found it on level 2 of the Dungeon)

   [ring of intelligence]

   Int+6:     It affects your intelligence (+6).
   Slay+5:    It affects your accuracy & damage with ranged weapons and melee
   (+5).
   rC+:       It protects you from cold.
   rElec:     It insulates you from electricity.
   rPois:     It protects you from poison
 w - a ring of willpower (right hand)
 E - a +5 ring of evasion
Wands
 f - a wand of digging (3)
 g - a wand of flame (4)
 A - a wand of charming (9)
 S - a wand of mindburst (8)
 U - a wand of quicksilver (9)
Scrolls
 c - 3 scrolls of fog
 d - 2 scrolls of revelation
 e - a scroll of fear
 h - 3 scrolls of poison
 k - a scroll of silence {unknown}
 l - 4 scrolls of enchant armour
 z - 2 scrolls of noise {unknown}
 B - a scroll of brand weapon {unknown}
 C - a scroll of vulnerability {unknown}
 F - a scroll of torment {unknown}
 Q - a scroll of butterflies {unknown}
 W - 2 scrolls of amnesia {unknown}
Potions
 j - 3 potions of brilliance
 m - 9 potions of curing
 p - a potion of attraction {unknown}
 q - 4 potions of invisibility
 G - a potion of enlightenment {unknown}
 K - 2 potions of might {unknown}
 L - a potion of experience {unknown}
 M - 3 potions of magic
 O - a potion of cancellation {unknown}
 P - 5 potions of heal wounds
 R - 7 potions of ambrosia
Miscellaneous
 V - a phantom mirror (inert)


   Skills:
 + Level 9.3 Fighting
 - Level 16.0 Polearms
 + Level 4.6 Throwing
 + Level 9.4 Armour
 - Level 1.7 Dodging
 - Level 6.0 Stealth
 - Level 4.0 Shields
 + Level 9.3 Invocations
 + Level 0.0 Evocations


You had 12 spell levels left.
You didn't know any spells.
Your spell library contained the following spells:

 Spells                   Type           Power      Damage    Failure   Level
 Lesser Beckoning         Tloc           0%         N/A       100%        2
 Call Canine Familiar     Summ           0%         N/A       100%        3
 Gell's Gravitas          Tloc           0%         N/A       100%        3
 Sigil of Binding         Hex            0%         N/A       100%        3
 Teleport Other           Tloc           0%         N/A       100%        3
 Tukima's Dance           Hex            0%         N/A       100%        3
 Dimensional Bullseye     Hex/Tloc       0%         N/A       100%        4
 Iskenderun's Mystic Bla  Conj/Tloc      0%         2d3       100%        4
 Summon Forest            Summ/Tloc      0%         N/A       100%        5
 Summon Mana Viper        Hex/Summ       0%         N/A       100%        5
 Summon Cactus Giant      Summ           0%         N/A       100%        6


Dungeon Overview and Level Annotations

Branches:
Dungeon (10/15)            Temple (1/1) D:6            Lair (3/5) D:8
 Spider (0/4) Lair:2       Bailey (visited)
  Swamp: Lair:2-3    Shoals: Lair:2-3       Orc: D:9-12

Altars:
Ashenzari
Cheibriados
Dithmenos
Elyvilon
Fedhas
Gozag
Hepliaklqana
Kikubaaqudgha
Makhleb
Nemelex Xobeh
Okawaru
Qazlal
Ru
Sif Muna
Trog
Uskayaw
Vehumet
Wu Jian
Xom
Yredelemnul
Zin
The Shining One

Annotations:
D:4 Edmund
Lair:2 exclusion: downstairs


Innate Abilities, Weirdness & Mutations

You cannot be hasted, slowed, berserked, paralysed or teleported.
You can dig through walls and to a lower floor.
You have a pair of large antennae on your head. (SInv)
Your four strong arms can wield two-handed weapons with a shield.


Message History

You block the elephant's attack. x2
You hit the elephant but do no damage. You drain the elephant.
The elephant is heavily wounded.
You block the elephant's attack. x2
You hit the elephant.
The elephant is heavily wounded.
You block the elephant's attack.
The elephant trunk-slaps you but does no damage.
You hit the elephant. You drain the elephant.
The elephant is severely wounded.
The elephant tramples you but does no damage.
You block the elephant's attack.
You slice the elephant!!
You kill the elephant!
Qazlal accepts your kill.
There is a stone staircase leading up, spattered with blood here.
You see here an elephant corpse.
You start resting.
Magic restored.
You see here a hydra corpse.
Found a leather armour and a book of Decay.
Found a book of Weapons.
I - a scroll of identify
As you read the scroll of identify, it crumbles to dust.
h - 3 scrolls of poison
Okay, then.
Found 14 gold pieces.
You hear a roar!
An eight-headed hydra comes into view.
You see here a book of Decay.
You pick up a book of Weapons and begin reading...
You add the spells Tukima's Dance and Iskenderun's Mystic Blast to your library.
You see here a book of Decay.
Activating: Elemental Force (1% risk of failure)
Press: ? - help, Dir - look around, f - activate Clouds arounds you coalesce and take form!
The eight-headed hydra is engulfed in freezing vapours.
The eight-headed hydra seems to slow down.
Aiming: Quicksilver Bolt
Press: ? - help, Shift-Dir - straight line, f - eight-headed hydra
Aim: an eight-headed hydra (lightly wounded, slow, ally target, 90% to hit)
The bolt of dispelling energy hits the eight-headed hydra!
The eight-headed hydra is moderately wounded.
The eight-headed hydra's magical effects unravel!
Your water elemental hits the eight-headed hydra.
Aiming: Mindburst
Press: ? - help, Shift-Dir - straight line, f/p - eight-headed hydra
Aim: an eight-headed hydra (heavily wounded, ally target, chance to affect: 29%)
The eight-headed hydra easily resists.
The eight-headed hydra bites you.
The eight-headed hydra bites you but does no damage.
You block the eight-headed hydra's attack.
The eight-headed hydra bites you.
You block the eight-headed hydra's attack.
The eight-headed hydra bites you!
The eight-headed hydra bites you but does no damage. x2
Your water elemental hits the eight-headed hydra!
T - a +0 trident (weapon)
The eight-headed hydra bites you but does no damage.
The eight-headed hydra bites you!
The eight-headed hydra closely misses you.
The eight-headed hydra bites you but does no damage.
You block the eight-headed hydra's attack. x2
The eight-headed hydra bites you but does no damage. x2
You hit the eight-headed hydra.
The eight-headed hydra is severely wounded.
Your water elemental hits the eight-headed hydra!
You hit the eight-headed hydra.
The eight-headed hydra is almost dead.
The eight-headed hydra bites you! The eight-headed hydra bites you. x3
You block the eight-headed hydra's attack.
The eight-headed hydra bites you. The eight-headed hydra bites you!
You block the eight-headed hydra's attack.
You barely miss the eight-headed hydra.
The eight-headed hydra is almost dead.
Your water elemental barely misses the eight-headed hydra.
The eight-headed hydra completely misses you.
The eight-headed hydra bites you but does no damage.
The eight-headed hydra barely misses you.
The eight-headed hydra bites you. x2
The eight-headed hydra bites you but does no damage.
The eight-headed hydra bites you.
* * * LOW HITPOINT WARNING * * *
You block the eight-headed hydra's attack.
Aiming: Mindburst
Press: ? - help, Shift-Dir - straight line, f/p - eight-headed hydra
Aim: an eight-headed hydra (almost dead, ally target, chance to affect: 29%)
Okay, then.
Aiming: Quicksilver Bolt
Press: ? - help, Shift-Dir - straight line, f/p - eight-headed hydra
Aim: an eight-headed hydra (almost dead, ally target, 90% to hit)
The bolt of dispelling energy hits the eight-headed hydra!
The eight-headed hydra is almost dead.
Your water elemental barely misses the eight-headed hydra.
The eight-headed hydra bites you!
* * * LOW HITPOINT WARNING * * *
You block the eight-headed hydra's attack.
The eight-headed hydra bites you!
* * * LOW HITPOINT WARNING * * *
The eight-headed hydra bites you.
You die...

# #..##.##.#....#.+##
#+.
##..#..#.#....###.#
...##.[......##...#
...
..............†<.##
..
##$.P..........#...#
....
#............#.....
#....#§E°§○...##..+
....
#.....D.......#..P#
#..
#.....°@#.###....## #
#...#..°##.. .....
.......○.. .........
..P.#P#P##P###.####.#
######### ## ## ##


You could see an eight-headed hydra (ally target) and a friendly water elemental
(summoned).

Vanquished Creatures
  A hydra (Lair:3)
  Harold (D:9)
  A skyshark (Lair:2)
  Amaemon (Lair:2)
  Pikel (D:5)
  2 cyclopes
  10 elephants
  A black mamba (Lair:2)
  8 cane toads
  An orange demon (Lair:2)
  An unseen horror (D:10)
  2 rime drakes
  A komodo dragon (Lair:3)
  A polar bear (Lair:2)
  A troll (D:10)
  A queen bee (D:10)
  6 blink frogs
  3 wyverns
  A shadow (D:9)
  2 wraiths
  36 yaks
  A steam dragon (D:8)
  A basilisk (Lair:3)
  10 water moccasins
  An acid dragon (D:10)
  A sky beast (D:7)
  3 ice beasts
  6 orc warriors
  2 ogres
  6 wolves (Lair:1)
  2 centaurs
  A phantom (D:6)
  5 kobold brigands
  8 bullfrogs
  7 scorpions
  2 jellies
  25 killer bees
  3 howler monkeys (D:8)
  A lava snake (Lair:2)
  3 hounds
  3 gnoll boudas
  A sleepcap (D:8)
  5 orc priests
  2 iguanas
  6 orc wizards
  Natasha (thrice) (D:4)
  7 hell rats (Lair:1)
  18 gnolls
  3 adders
  2 white imps
  2 ufetubi (D:7)
  5 dart slugs
  7 ribbon worms
  30 orcs
  7 ball pythons
  11 bats
  9 endoplasms
  4 giant cockroaches
  13 goblins
  6 hobgoblins
  2 jackals (D:5)
  30 kobolds
  4 quokkas
  6 frilled lizards
  4 rats
360 creatures vanquished.

Notes
Turn   | Place    | Note
-------+----------+-------------------------------------------
     0 | D:5      | GloriousHammer the Formicid Delver began the quest for the
                  | Orb.
     0 | D:5      | Reached XP level 1. HP: 18/18 MP: 1/1
   143 | D:5      | Noticed an ice beast
   262 | D:4      | Noticed Edmund
   323 | D:3      | Reached XP level 2. HP: 24/24 MP: 2/2
   365 | D:3      | Reached skill level 3 in Polearms
   449 | D:3      | Found a glowing golden altar of the Shining One.
   624 | D:3      | Reached XP level 3. HP: 29/29 MP: 3/3
   896 | D:2      | Found a bloodstained altar of Trog.
  1039 | D:1      | Reached XP level 4. HP: 34/35 MP: 4/4
  1120 | D:1      | Reached skill level 1 in Armour
  1121 | D:1      | Reached skill level 4 in Polearms
  1143 | D:1      | Found a faded altar of an unknown god.
  2190 | D:2      | Identified the ring of the Pariah {rElec rPois rC+ Int+6
                  | Slay+5}
  2861 | D:3      | Reached XP level 5. HP: 24/41 MP: 5/5
  3057 | D:4      | Noticed Natasha
  3061 | D:4      | Killed Natasha
  3170 | D:4      | Noticed Natasha
  3175 | D:4      | Killed Natasha
  3176 | D:4      | Reached skill level 1 in Shields
  3296 | D:4      | Reached skill level 5 in Polearms
  3296 | D:4      | Reached XP level 6. HP: 46/47 MP: 6/6
  3463 | D:4      | Noticed Natasha
  3476 | D:4      | Killed Natasha
  3708 | D:5      | Noticed an ogre
  3712 | D:5      | Killed an ogre
  3806 | D:5      | Reached XP level 7. HP: 51/52 MP: 7/7
  3855 | D:5      | Found a radiant altar of Vehumet.
  3999 | D:5      | Reached skill level 6 in Polearms
  4170 | D:5      | Noticed Pikel
  4188 | D:5      | Killed Pikel
  4189 | D:5      | Reached skill level 7 in Polearms
  4189 | D:5      | Reached XP level 8. HP: 52/58 MP: 8/8
  4240 | D:5      | Reached skill level 8 in Polearms
  4808 | D:6      | Reached skill level 9 in Polearms
  4894 | D:6      | Reached XP level 9. HP: 62/64 MP: 9/9
  4907 | D:6      | Found a staircase to the Ecumenical Temple.
  4932 | Temple   | Found a transporter.
  4932 | Temple   | Found a transporter.
  4932 | Temple   | Found a transporter.
  4932 | Temple   | Found a transporter.
  4932 | Temple   | Entered the Ecumenical Temple
  4973 | Temple   | Became a worshipper of Qazlal Stormbringer
  5327 | D:6      | Reached skill level 10 in Polearms
  5481 | D:6      | Found an ornate altar of the Wu Jian Council.
  5906 | D:7      | Reached skill level 11 in Polearms
  5908 | D:7      | Reached * piety under Qazlal
  6043 | D:7      | Noticed a cyclops
  6051 | D:7      | Killed a cyclops
  6052 | D:7      | Reached skill level 12 in Polearms
  6059 | D:7      | Reached XP level 10. HP: 65/70 MP: 10/10
  6367 | D:8      | Noticed a cyclops
  6376 | D:8      | Killed a cyclops
  6377 | D:8      | Reached skill level 1 in Invocations
  6812 | D:8      | Noticed an elephant
  6835 | D:8      | Killed an elephant
  6836 | D:8      | Reached skill level 5 in Armour
  7336 | D:8      | Found a staircase to the Lair.
  7336 | D:8      | Noticed an elephant
  7344 | D:8      | Killed an elephant
  7345 | D:8      | Reached skill level 13 in Polearms
  7481 | D:8      | Found an iron altar of Okawaru.
  7481 | D:8      | Found a bloodstained altar of Trog.
  7481 | D:8      | Found a sacrificial altar of Ru.
  7482 | D:8      | Found an ancient bone altar of Kikubaaqudgha.
  7587 | D:9      | Reached skill level 5 in Fighting
  7748 | D:9      | Reached XP level 11. HP: 73/80 MP: 14/14
  7794 | D:9      | Reached ** piety under Qazlal
  7861 | D:9      | Found a flagged portal.
  7882 | Bailey   | Entered a bailey
  8489 | D:9      | Identified the +4 long sword of Sunlight {venom, Str+3}
  8510 | D:9      | Identified the +4 ring mail "Nidosamp" {Harm +Blink Will+
                  | Slay-4}
  8529 | D:9      | Noticed Harold
  8584 | D:9      | Killed Harold
  8711 | D:9      | Reached skill level 5 in Invocations
  9105 | D:10     | Entered Level 10 of the Dungeon
  9562 | D:10     | Reached skill level 14 in Polearms
  9708 | D:10     | Reached *** piety under Qazlal
 10396 | Lair:1   | Entered Level 1 of the Lair of Beasts
 10685 | Lair:1   | Reached XP level 12. HP: 91/91 MP: 16/16
 11113 | Lair:1   | Reached **** piety under Qazlal
 11238 | Lair:1   | Reached skill level 15 in Polearms
 11238 | Lair:1   | Reached skill level 1 in Throwing
 11940 | Lair:2   | Identified the +0 morningstar of Gadgh {freeze, rPois rF+
                  | Will+}
 12042 | Lair:2   | Found a hole to the Spider Nest.
 12083 | Lair:2   | Noticed Amaemon
 12096 | Lair:2   | Killed Amaemon
 12301 | Lair:2   | Identified the +0 leather armour "Hero's Friend" {rElec}
 12392 | Lair:2   | Reached XP level 13. HP: 99/99 MP: 19/19
 13407 | Lair:3   | Reached skill level 16 in Polearms
 13419 | Lair:3   | Noticed a seven-headed hydra
 13712 | Lair:3   | Killed a seven-headed hydra
 13740 | Lair:3   | Noticed an eight-headed hydra
 13753 | Lair:3   | HP: 3/101 [eight-headed hydra (12)]
 13753 | Lair:3   | Slain by an eight-headed hydra

Illustrated notes

Levels and vault maps discovered:
D:1:      dpeg_arrival_signposts, layout_basic,
          dreamdust_ecumenical_altar_statues
D:2:      wander_river, layout_basic, serial_rivers,
          chequers_serial_rivers_small_3, chequers_serial_rivers_marsh,
          chequers_serial_rivers_micro_e, chequers_serial_rivers_small_b,
          basic_altar, minmay_statues_item, grunt_ministairs_11,
          chequers_serial_rivers_room_b
D:3:      layout_loops_ring, nicolae_tso_swordbearing_angel, nicolae_wormholes
D:4:      layout_gridville, uniq_edmund, uniq_natasha
D:5:      layout_loops_corners, mainiacjoe_overflow_alcove_1, uniq_pikel
D:6:      layout_loops_ring, nicolae_wu_jian_immortal_techniques,
          temple_doors_ab
D:7:      minmay_cornered_nines, layout_rooms
D:8:      layout_loops_corners, chequers_temple_overflow_statue_of_worship,
          grunt_lair_entry_orc_guard_hut, serial_glass, glass_columns_c,
          glass_columns_a
D:9:      layout_irregular_city, enter_bailey_3, minmay_increasing_density,
          uniq_harold
D:10:     layout_roguey [special_room_bee], minmay_misc_feat_alley
Temple:   hellmonk_temple_divided_pantheon
Lair:1:   layout_small_grid
Lair:2:   layout_gridlike, nicolae_spider_entry_non_spiders, uniq_amaemon
Lair:3:   layout_regular_city, elwin_shoals_entry_rocks, minivault_11,
          grunt_megastairs_2

Skill      XL: |  1  2  3  4  5  6  7  8  9 10 11 12 13 |
---------------+----------------------------------------+-----
Polearms       | 3 4 5 7 9 12 13 14 15 16 | 16.0
Armour         | 1 2 3 4 5 7 8 9 |  9.4
Shields        | 1 2 4 |  4.0
Invocations    | 4 6 8 9 |  9.3
Fighting       | 5 7 8 9 |  9.3
Throwing       | 3 4 |  4.6
Dodging        | |  1.7
Stealth        | |  6.0

Action                     |  1- 3 |  4- 6 |  7- 9 | 10-12 | 13-15 || total
---------------------------+-------+-------+-------+-------+-------++-------
  Melee: Halberd           |   104 |   134 |   192 |   589 |    97 ||  1116
         Trident           |       |       |       |       |     3 ||     3
  Throw: Stone             |     5 |       |       |       |       ||     5
         Dart              |       |       |     2 |    17 |     3 ||    22
 Invoke: Upheaval          |       |       |       |     1 |     1 ||     2
         Elemental Force   |       |       |       |       |     1 ||     1
Ability: Dig               |       |     1 |       |       |       ||     1
  Evoke: Wand              |       |       |     2 |     3 |     5 ||    10
         Phantom mirror    |       |       |       |       |     1 ||     1
    Use: Scroll            |       |       |       |       |     9 ||     9
   Stab: Sleeping          |     8 |     7 |       |       |       ||    15
         Distracted        |       |     1 |       |       |       ||     1
 Armour: Leather armour    |    28 |       |       |       |       ||    28
         Scale mail        |    37 |    32 |       |       |       ||    69
         Chain mail        |       |    34 |    76 |       |       ||   110
         Plate armour      |       |       |       |   231 |    68 ||   299
  Dodge: Dodged            |    60 |    47 |    79 |   162 |    23 ||   371
         Repelled          |       |       |       |     2 |       ||     2
  Block: Buckler           |    14 |    17 |    39 |   153 |    41 ||   264
